 Dungeon Crawl Stone Soup version 0.27.1-33-g824d729ab1 (webtiles) character file.

Game seed: 8516472635463892496

58 comborobin the Skirmisher (level 4, -1/37 HPs)
             Began as a Djinni Fighter on Dec 27, 2021.
             Slain by a gnoll (6 damage)
             ... on level 3 of the Dungeon.
             The game lasted 00:02:20 (2315 turns).

comborobin the Skirmisher (Djinni Fighter)          Turns: 2315, Time: 00:02:22

Health: -1/37      AC:  8    Str: 16    XL:     4   Next: 20%
Gold:   110        EV:  7    Int: 10    God:
                   SH:  9    Dex: 12

rFire    + . .     SeeInvis .   h - +2 dagger (venom)
rCold    + . .     Faith    .   b - +0 kite shield
rNeg     . . .     Spirit   .   a - +0 scale mail
rPois    ∞         Reflect  .   f - +0 helmet
rElec    .         Harm     .   (no cloak)
rCorr    .         Rampage  .   (no gloves)
Will     .....                  (boots unavailable)
Stlth    ..........             (no amulet)
HPRegen  0.12/turn              i - ring of protection from cold
MPRegen  0.00/turn              k - ring of ice

@: flying
A: sickness immunity, fire resistance 2, cold vulnerability 1, float, innate
caster, hp casting, extra vitality 1
a: no special abilities


You were on level 3 of the Dungeon.
You visited 1 branch of the dungeon, and saw 3 of its levels.

You collected 110 gold pieces.

Inventory:

Hand Weapons
 h - a +2 dagger of venom (weapon)
Armour
 a - a +0 scale mail (worn)
 b - a +0 kite shield (worn)
 f - a +0 helmet (worn)
Jewellery
 i - a ring of protection from cold (left hand)
 k - a ring of ice (right hand)
Scrolls
 e - 2 scrolls of enchant weapon {unknown}
 g - a scroll of immolation {unknown}
 j - a scroll of identify {unknown}
 l - a scroll of fear {unknown}
 n - a scroll of vulnerability {unknown}
Potions
 c - a potion of might
 d - a potion of heal wounds {unknown}
 m - a potion of invisibility {unknown}


   Skills:
 * Level 3.6 Fighting
 + Level 3.3 Armour
 + Level 3.4 Shields
 + Level 2.6 Unarmed Combat


You had 2 spell levels left.
You knew the following spells:

 Your Spells              Type           Power      Damage    Failure   Level
a - Magic Dart            Conj           0%         1d3       99%         1
Your spell library was empty.

Dungeon Overview and Level Annotations

Branches:
Dungeon (3/15)

Altars:


Innate Abilities, Weirdness & Mutations

You are immune to sickness and miasma.
You are immune to poison.
Your flesh is very heat resistant. (rF++)
You are vulnerable to cold. (rC-)
You float through the air rather than walking.
You learn spells naturally, not from books.
Your magical power is your life essence.
You have superior vitality. (+4 HP)


Message History

You hit the gnoll.
The gnoll is poisoned.
The gnoll is moderately wounded.
The gnoll barely misses you.
The gnoll throws a throwing net.
The throwing net hits you.
You become entangled in the net!
You see here a throwing net.
You struggle against the net.
You struggle against the net.
You tear a large gash into the net.
You rip the net and break free!
You block the gnoll's attack.
The gnoll hits you from afar with a +2 vorpal halberd.
The gnoll looks more healthy.
You block the gnoll's attack. You block the gnoll's attack.
You hit the gnoll.
The gnoll is moderately wounded.
The gnoll barely misses you. You block the gnoll's attack.
The gnoll hits you from afar with a +0 spear.
Press: ? - help, v - describe, . - travel
Here: a gnoll, wielding a +2 vorpal halberd (moderately wounded)
The floor.
Unknown command.
You closely miss the gnoll.
The gnoll is moderately wounded.
You block the gnoll's attack.
The gnoll hits you from afar with a +0 spear.
The gnoll hits you with a +2 vorpal halberd!
You barely miss the gnoll.
The gnoll is moderately wounded.
You block the gnoll's attack. The gnoll closely misses you.
You hit the gnoll.
The gnoll is heavily wounded.
The gnoll hits you but does no damage. You block the gnoll's attack.
You hit the gnoll.
The gnoll is almost dead.
You block the gnoll's attack.
The gnoll hits you with a +2 vorpal halberd!
* * * LOW HITPOINT WARNING * * *
x2 The gnoll hits you from afar with a +0 spear.
You die...

#. ..#####. #. #. #. #. #.
.########.
####.###########
....).....
#..............#
.#######..
#.##......gg.gg# #..
###.#######g# #.. #(#
#@####.# #.#####..
#..######......# #........
..........####.###.######.
##.#####..# ... #. +# #..#
#.# #. #..######.# #.
#.......#.# #. #.#####.#.#
#. #..####....#### #.


You could see 3 gnolls.

Vanquished Creatures
  A worm (D:2)
  2 dart slugs (D:1)
  6 ball pythons
  7 bats
  3 endoplasms
  A giant cockroach (D:1)
  3 goblins (D:1)
  5 hobgoblins
  3 jackals (D:2)
  7 kobolds
  2 quokkas
  A frilled lizard (D:1)
  3 rats
44 creatures vanquished.

Vanquished Creatures (others)
  2 plants (D:1)
2 creatures vanquished.

Grand Total: 46 creatures vanquished

Notes
Turn   | Place    | Note
-------+----------+-------------------------------------------
     0 | D:1      | comborobin the Djinni Fighter began the quest for the Orb.
     0 | D:1      | Reached XP level 1. HP: 20/20 MP: 0/0
   224 | D:1      | Reached XP level 2. HP: 17/25 MP: 0/0
   813 | D:1      | Reached XP level 3. HP: 18/30 MP: 0/0
   813 | D:1      | Learned a level 1 spell: Magic Dart
  1665 | D:2      | Found a faded altar of an unknown god.
  1750 | D:2      | Reached XP level 4. HP: 34/35 MP: 0/0
  2315 | D:3      | Slain by a gnoll

Illustrated notes

Levels and vault maps discovered:
D:1:      minmay_arrival_arboretum_small, layout_loops_cross, serial_forest,
          infiniplex_forest_lined_corner, infiniplex_forest_end_1,
          infiniplex_forest_clump_C, infiniplex_forest_lined_2,
          infiniplex_forest_lined_3, infiniplex_forest_zigzag_1,
          infiniplex_forest_clump_small
D:2:      layout_basic, hellmonk_ecumenical_altar_run_dry,
          roderic_cross_of_infinity, kennysheep_cross_room
D:3:      layout_loops_ring, cheibrodos_worm_habitat

Action                   |  1- 3 |  4- 6 || total
-------------------------+-------+-------++-------
Melee: Unarmed           |    53 |       ||    53
       Dagger            |    60 |    22 ||    82
Armor: Scale mail        |    75 |     3 ||    78
Dodge: Dodged            |    31 |     7 ||    38
Block: Kite shield       |    68 |    16 ||    84
